Map: Thunderbird LE

Players

DisK

  • Race: Protoss Protoss
  • League: Grandmaster
  • Spawn Location: 5:00

Maplez - Winner!

  • Race: Protoss Protoss
  • League: Grandmaster
  • Spawn Location: 11:00

VOD

Have the link to the VOD?

Description

Time

  • Played on: Aug. 8, 2019, 12:38 p.m.
  • Length: 8:55
Show
View Real Time Build Order
Export as new Build Order

DisK Protoss 

Build Orders: Phoenix Opening, Zealot Archon 

Get SALT Encoding   

  12  0:01  Probe  
  13  0:13  Probe  
  14  0:17  Pylon  
  14  0:25  Probe  
  15  0:34  Probe  
  15  0:36  Gateway  
  16  0:45  Probe  
  16  0:47  Assimilator  
  17  0:57  Probe  
  17  0:59  Assimilator  
  18  1:05  Probe  
  19  1:13  Gateway  
  19  1:19  Probe  
  19  1:24  Cybernetics Core  
  20  1:31  Probe  
  21  1:33  Pylon  
  21  1:43  Probe  
  22  1:56  Probe  
  18  2:01  Stalker, Sentry  
  25  2:05  Warp Gate  
  27  2:13  Probe  
  28  2:16  Pylon  
  28  2:29  Pylon  
  28  2:38  Probe  
  29  2:45  Sentry x2  
  33  2:51  Nexus  
  33  3:00  Shield Battery  
  33  3:04  Probe, Phoenix  
  34  3:14  Probe, Forge  
  35  3:23  Probe  
  35  3:25  Pylon  
  35  3:32  Probe  
  36  3:36  Robotics Facility  
  37  3:44  Probe  
  38  3:53  Protoss Ground Weapons Level 1  
  38  3:56  Probe  
  38  3:59  Probe  
  39  4:06  Probe  
  39  4:07  Probe  
  41  4:14  Probe  
  42  4:18  Probe  
  42  4:22  Probe  
  44  4:25  Adept x2  
  44  4:30  Probe  
  48  4:36  Probe  
  48  4:37  Immortal  
  51  4:42  Probe  
  51  4:45  Twilight Council  
  52  4:48  Probe, Assimilator x2  
  53  4:54  Probe  
  53  4:59  Pylon  
  54  5:00  Probe  
  54  5:06  Probe  
  56  5:12  Pylon, Probe  
  57  5:14  Immortal  
  57  5:16  Charge  
  57  5:18  Probe  
  62  5:27  Templar Archives  
  62  5:32  Probe  
  59  5:44  Gateway  
  59  5:45  Phoenix  
  59  5:46  Gateway  
  59  5:49  Probe x2  
  61  5:50  Immortal  
  65  5:59  Pylon  
  65  6:08  High Templar x2  
  69  6:14  Gateway x2  
  69  6:20  Gateway  
  69  6:21  Archon  
  69  6:23  Gateway  
  69  6:29  Pylon  
  69  6:38  Shield Battery  
  69  6:39  Shield Battery  
  69  6:47  High Templar x2  
  69  6:50  Stalker x2  
  77  7:03  Archon  
  74  7:10  Zealot x2  
  77  7:15  Zealot x2  
  77  7:16  Zealot  
  83  7:30  Nexus  
  83  7:34  Pylon  
  83  7:45  Pylon  
  83  7:46  Pylon  
  83  7:51  Pylon, Robotics Bay  
  83  7:52  Probe x2  
  85  8:03  Pylon  
  85  8:04  Probe x2  
  85  8:05  Stalker  
  89  8:09  Zealot  
  89  8:12  High Templar x2  
  95  8:14  High Templar x2  
  95  8:16  Probe x2  
  95  8:17  Archon  
  95  8:18  Archon  
  101  8:20  Zealot x2  
  105  8:32  Pylon  
  101  8:36  Pylon  
  95  8:43  Photon Cannon  
Show
View Real Time Build Order
Export as new Build Order

Maplez Protoss - Winner!

Build Orders: Zealot Archon, Archon Drop 

Get SALT Encoding   

  12  0:00  Probe  
  13  0:12  Probe  
  14  0:17  Pylon  
  14  0:23  Probe  
  15  0:31  Probe  
  16  0:37  Gateway  
  16  0:39  Probe  
  16  0:46  Assimilator  
  17  0:51  Probe  
  17  0:54  Assimilator  
  18  0:59  Probe  
  19  1:06  Gateway  
  19  1:07  Probe  
  19  1:17  Probe  
  21  1:28  Cybernetics Core  
  21  1:29  Probe  
  22  1:35  Pylon  
  22  1:41  Probe  
  23  1:53  Probe  
  24  1:58  Warp Gate  
  24  2:05  Probe, Stalker, Sentry  
  29  2:11  Pylon  
  29  2:17  Probe  
  30  2:23  Pylon  
  31  2:30  Probe  
  31  2:42  Probe  
  32  2:44  Nexus  
  32  2:47  Sentry  
  32  2:48  Sentry  
  36  2:55  Probe  
  36  2:58  Pylon  
  37  3:05  Probe  
  37  3:06  Pylon  
  38  3:13  Probe  
  38  3:18  Robotics Facility  
  39  3:21  Probe  
  40  3:29  Forge  
  40  3:34  Probe  
  41  3:46  Probe  
  41  3:47  Adept x2  
  46  3:52  Probe  
  46  3:58  Probe  
  46  4:00  Probe  
  48  4:05  Observer  
  48  4:08  Probe  
  50  4:10  Probe  
  50  4:13  Assimilator  
  50  4:15  Assimilator  
  50  4:16  Probe  
  52  4:18  Protoss Ground Weapons Level 1  
  52  4:22  Probe  
  52  4:24  Twilight Council  
  54  4:25  Probe  
  55  4:34  Probe  
  55  4:37  Probe  
  53  4:40  Immortal  
  53  4:42  Charge  
  57  4:46  Probe  
  57  4:50  Zealot x2  
  62  4:55  Gateway  
  62  4:57  Gateway  
  62  5:03  Probe  
  63  5:08  Gateway  
  63  5:09  Warp Prism  
  63  5:15  Gateway  
  65  5:24  Templar Archives  
  65  5:26  Pylon  
  65  5:33  Adept x2  
  65  5:44  Probe x2  
  67  6:00  Probe x2  
  69  6:08  High Templar x4  
  69  6:10  Nexus  
  77  6:11  Pylon  
  77  6:12  Pylon  
  77  6:13  Protoss Ground Weapons Level 2, Archon  
  77  6:14  Archon  
  77  6:20  Pylon  
  77  6:30  Zealot x2  
  81  6:35  Probe x2  
  83  6:41  Zealot x4  
  91  6:47  Immortal  
  91  6:51  Dark Shrine  
  95  7:04  Zealot x3  
  101  7:27  Probe x2, Immortal  
  101  7:28  Probe  
  102  7:37  High Templar x2  
  102  7:38  Zealot x4  
  102  7:39  Probe  
  102  7:42  Archon  
  115  7:44  Probe x2  
  115  7:47  Pylon  
  115  7:49  Pylon  
  117  8:00  Assimilator  
  117  8:01  Assimilator  
  117  8:05  Probe  
  117  8:10  Dark Templar x4  
  126  8:17  Pylon  
  120  8:33  Dark Templar x2  
  124  8:44  Zealot x2  
  124  8:45  Zealot x2  
  130  8:50  Gateway  
  130  8:51  Gateway  
Tags
 
Add a new tag
Caveats
  • Supply blocks, unpowered buildings, or Contaminate may cause inaccurate times.
  • Supply counts are checked every 10 seconds.